 Dungeon Crawl Stone Soup version 0.26.1-11-gd32895ea62 (webtiles) character file.

Game seed: 9588306619678269121

120 Zeld the Chopper (level 5, -3/47 HPs)
             Began as a Hill Orc Monk on June 13, 2021.
             Slain by an orc
             ... wielding a +2 short sword of draining
              (7 damage)
             ... on level 2 of the Dungeon on June 14, 2021.
             The game lasted 00:02:33 (3679 turns).

Zeld the Chopper (Hill Orc Monk)                    Turns: 3679, Time: 00:02:34

Health: -3/47      AC:  5    Str: 15    XL:     5   Next: 4%
Magic:  5/5        EV: 13    Int: 10    God:
Gold:   111        SH:  0    Dex: 13    Spells: 4/4 levels left

rFire    . . .     SeeInvis .   a - +0 hand axe
rCold    . . .     Faith    .   (no shield)
rNeg     . . .     Spirit   .   b - +0 robe
rPois    .         Reflect  .   n - +0 helmet
rElec    .         Harm     .   (no cloak)
rCorr    .         Rampage  .   m - +0 pair of gloves
Will     .....                  j - +0 pair of boots
Stlth    ++........             (no amulet)
HPRegen  0.15/turn              (no ring)
MPRegen  0.09/turn              (no ring)

@: slowed, very slow
A: no striking features
a: no special abilities


You were on level 2 of the Dungeon.
You visited 1 branch of the dungeon, and saw 4 of its levels.

You collected 111 gold pieces.

Inventory:

Hand Weapons
 a - a +0 hand axe (weapon)
Missiles
 f - 31 stones (quivered)
Armour
 b - a +0 robe (worn)
 j - a +0 pair of boots (worn)
 m - a +0 pair of gloves (worn)
 n - a +0 helmet (worn)
Jewellery
 d - a cursed ring of teleportation {unknown}
 e - a +6 ring of strength {unknown}
 k - an uncursed ring of protection from fire {unknown}
Scrolls
 c - 3 scrolls of teleportation {unknown}
 h - 11 scrolls of identify {unknown}
 i - 3 scrolls of remove curse {unknown}
 o - a scroll of amnesia {unknown}
Potions
 g - 2 potions of haste {unknown}
 l - 2 potions of curing {unknown}
 p - a potion of flight {unknown}


   Skills:
 + Level 4.4 Fighting
 * Level 5.6 Axes
 + Level 1.9 Armour
 + Level 2.9 Dodging
 - Level 1.5 Stealth


You had 4 spell levels left.
You didn't know any spells.
Your spell library contained the following spells:

 Spells                   Type           Power        Failure   Level
 Corona                   Hex            0%           36%         1
 Ensorcelled Hibernation  Hex/Ice        0%           50%         2
 Confusing Touch          Hex            0%           75%         3
 Dazzling Flash           Conj/Hex       0%           75%         3
 Tukima's Dance           Hex            0%           75%         3


Dungeon Overview and Level Annotations

Branches:
Dungeon (4/15)
 Temple: D:4-7

Altars:

Annotations:
D:2 Terence


Message History

The orc wizard blinks!
The orc wizard hits you with a +0 dagger.
Terence screams, "I'm going to kill you!"
The orc wizard gestures at you while chanting.
The magic dart hits you!
* * * LOW HITPOINT WARNING * * *
The orc wizard completely misses you.
The orc wizard casts a spell.
The orc wizard blinks!
The orc wizard points at you and mumbles some strange words.
You feel as though you will be slow longer.
Terence misses you. The orc wizard closely misses you.
You open the large door. The orc wizard completely misses you.
The orc barely misses you. Terence barely misses you.
The orc wizard gestures at you while chanting.
The magic dart hits you!
* * * LOW HITPOINT WARNING * * *
The orc hits you but does no damage.
The orc hits you with a +2 short sword of draining!
You die...

.................................
###..............................
#.............>................
#........#+#..#...###..........
#........#+#..#.#....##........
#..............................
###'######.......................
.........#.....##.o........(..###
.........#.....'@o@...........#
.........[.....##o.....w......###
....)..........##....<....#......
######.........##.........#.o....
..........#....##.........#......
...............##.........#......
...............##.....o...#......
...............######............
...........#...........#.........


You could see Terence, 2 orc wizards, a dart slug and 2 orcs.

Vanquished Creatures
  An orc wizard (D:3)
  4 adders
  An ooze (D:1)
  A worm (D:2)
  A dart slug (D:1)
  A leopard gecko (D:3)
  5 orcs
  A ball python (D:4)
  2 bats
  4 giant cockroaches
  3 hobgoblins
  4 jackals
  3 kobolds
  A quokka (D:3)
  2 frilled lizards
  3 goblins
  2 jackal skeletons (D:4)
  3 rats
42 creatures vanquished.

Notes
Turn   | Place    | Note
-------+----------+-------------------------------------------
     0 | D:1      | Zeld the Hill Orc Monk began the quest for the Orb.
     0 | D:1      | Reached XP level 1. HP: 19/19 MP: 1/1
   245 | D:1      | Reached XP level 2. HP: 21/27 MP: 2/2
   481 | D:2      | Reached skill level 1 in Armour
   852 | D:2      | Reached XP level 3. HP: 33/33 MP: 3/3
  1852 | D:3      | Reached skill level 5 in Axes
  2124 | D:4      | Reached XP level 4. HP: 40/40 MP: 4/4
  2661 | D:4      | Noticed a phantom
  3627 | D:2      | Reached XP level 5. HP: 47/47 MP: 5/5
  3643 | D:2      | Noticed Terence
  3679 | D:2      | Slain by an orc

Illustrated notes

Levels and vault maps discovered:
D:1:      onia_arrival_mini_spirals, layout_basic, nrook_mini_vaults
D:2:      layout_basic, lemuel_coloured_pillars_altar, uniq_terence
D:3:      layout_loops_ring, serial_glass, glass_columns_a, glass_columns_a,
          glass_columns_b, glass_columns_c, minmay_misc_feat_diagonals
D:4:      layout_cave_pools, due_unseen_surprise

Skill      XL: |  1  2  3 |
---------------+----------+-----
Armour         | 1 |  1.9
Fighting       | 4 |  4.4
Axes           | 5 |  5.6
Dodging        | |  2.9
Stealth        | |  1.5

Action                   |  1- 3 |  4- 6 || total
-------------------------+-------+-------++-------
Melee: Hand axe          |    82 |   101 ||   183
Armor: Robe              |    13 |    40 ||    53
Dodge: Dodged            |    60 |    96 ||   156
